 Zot Defence DCSS version 0.15-a0-2123-gb18dd36 (webtiles) character file.

29 BluebellGnoll the Grave Robber (level 3, 0/19 HPs)
             Began as a Deep Elf Necromancer on July 16, 2014.
             Slain by Zuyxkaor the hungry ghost (5 damage)
             ... in the Realm of Zot (Scenario III: Two or Three?).
             The game lasted 00:04:33 (401 turns).

BluebellGnoll the Grave Robber (DENe)                Turns: 401, Time: 00:04:33

HP   0/19        AC  2     Str  5      XL: 3   Next:  1%
MP   2/13        EV 13     Int 20      God:
Gold 0           SH  0     Dex 15      Spells:  4 memorised,  3 levels left

rFire  . . .     SeeInvis .     l - +1 dagger (flame)
rCold  . . .     Clarity  .     a - +0 robe
rNeg   . . .     rCorr    .     (no shield)
rPois  .         rRot     .     (no helmet)
rElec  .         Spirit   .     (no cloak)
SustAb .         Warding  .     (no gloves)
rMut   .         Stasis   .     (no boots)
Gourm  .                        (no amulet)
MR     .....                    (no ring)
                                (no ring)

@: very slightly contaminated, hasted, very quick, not resistant to hostile
enchantments, unstealthy
A: no striking features
a: Make oklob sapling, Make arrow trap


You were in the Realm of Zot.
You were not hungry.

You visited 1 branch

Inventory:

Hand weapons
 l - a +1 dagger of flaming (weapon)
Armour
 a - a +0 robe (worn)
Comestibles
 d - a bread ration
 j - a chunk of giant newt flesh
 k - a chunk of ball python flesh
 m - a chunk of giant newt flesh
 n - a chunk of rat flesh
 o - a chunk of bat flesh
 p - a chunk of bat flesh
Scrolls
 i - a scroll of blinking
Potions
 c - 2 potions of curing
 e - a potion of heal wounds
 g - 2 potions of magic
 h - a potion of berserk rage
Books
 b - a book of Necromancy

   Spells                             Type                      Level
   *Pain                              Necromancy                   1
   *Animate Skeleton                  Necromancy                   1
   *Vampiric Draining                 Necromancy                   3
   *Regeneration                      Charms/Necromancy            3
   Animate Dead                       Necromancy                   4
   Control Undead                     Necromancy                   4


   Skills:
 - Level 2.4 Dodging
 - Level 2.4 Stealth
 + Level 4.8 Spellcasting
 - Level 4.8 Necromancy


You had 3 spell levels left.
You knew the following spells:

 Your Spells              Type           Power        Failure   Level  Hunger
a - Pain                  Necr           ###.         1%          1    None
b - Animate Skeleton      Necr           N/A          1%          1    None
c - Vampiric Draining     Necr           ###.......   6%          3    ###....
d - Regeneration          Chrm/Necr      ##........   14%         3    ###....


Dungeon Overview and Level Annotations

Branches:
    Zot (1/1)

Altars:


Message History

The kobold barely misses your giant newt skeleton.
You closely miss Zuyxkaor.
Zuyxkaor is severely damaged.
Your giant newt skeleton closely misses the kobold.
Zuyxkaor hits you.
* * * LOW HITPOINT WARNING * * *
You barely miss Zuyxkaor.
Zuyxkaor is severely damaged.
The kobold hits your giant newt skeleton.
Your giant newt skeleton barely misses the kobold.
Zuyxkaor misses you.
You sense that a powerful threat has arrived.
You hit Zuyxkaor. You burn Zuyxkaor.
Zuyxkaor is severely damaged.
The kobold hits your giant newt skeleton.
Your giant newt skeleton is destroyed!
You hit Zuyxkaor. You burn Zuyxkaor.
Zuyxkaor is almost destroyed.
Zuyxkaor hits you.
You die...

▓▓▓▓▓ ▓...▓ ▓▓...▓▓ ▓▓.....▓▓
▓▓▓......P▓▓▓
▓▓▓▓▓.........%.▓▓▓▓▓
▓▓▓▓▓▓▓........%@....((KJ.▓▓▓▓▓▓▓
....▓▓...▓▓.....W.....▓▓...▓▓....
.....▓..▓▓▓▓▓.......▓▓▓▓▓).▓.....
.....▓..▓ ▓▓.....▓▓ ▓..▓.....
.....▓..▓ ▓▓...▓▓ ▓..▓.....
.....▓..▓ ▓...▓ ▓..▓.....
▓....▓..▓ ▓▓.▓▓ ▓..▓....▓
▓▓...▓..▓ ▓(▓ ▓..▓...▓▓
▓▓...▓..▓▓▓▓▓▓▓▓)▓▓▓▓▓▓▓▓..▓...▓▓


You could see Zuyxkaor the hungry ghost, an ooze, a kobold and a friendly oklob
sapling.

Vanquished Creatures
  An ooze (Zot)
  A jackal (Zot)
  3 bats (Zot)
  A giant newt (Zot)
  2 rats (Zot)
8 creatures vanquished.

Vanquished Creatures (collateral kills)
  2 goblins (Zot)
  A ball python (Zot)
  5 bats (Zot)
  A giant newt (Zot)
  A kobold (Zot)
  A rat (Zot)
11 creatures vanquished.

Vanquished Creatures (others)
  3 bat skeletons (Zot)
  A ball python skeleton (Zot)
  2 giant newt skeletons (Zot)
  2 rat skeletons (Zot)
8 creatures vanquished.

Grand Total: 27 creatures vanquished

Notes
Turn   | Place    | Note
--------------------------------------------------------------
     0 | Zot      | BluebellGnoll, the Deep Elf Necromancer, began the quest for the Orb.
     0 | Zot      | Reached XP level 1. HP: 10/10 MP: 5/5
   262 | Zot      | Reached XP level 2. HP: 4/15 MP: 1/9
   268 | Zot      | Learned a level 1 spell: Animate Skeleton
   352 | Zot      | Reached XP level 3. HP: 8/19 MP: 1/13
   359 | Zot      | Learned a level 3 spell: Vampiric Draining
   363 | Zot      | Learned a level 3 spell: Regeneration
   371 | Zot      | Noticed Zuyxkaor
   401 | Zot      | Slain by Zuyxkaor the hungry ghost

Action                   || total
-------------------------++-------
Melee: Unarmed           ||     6
       Dagger            ||    24
 Cast: Pain              ||    12
       Animate Skeleton  ||     8
       Regeneration      ||     1
 Abil: Make oklob saplin ||     1
  Use: Potion            ||     2
